 Dungeon Crawl Stone Soup version 0.31-a0-152-g6aa68a64a1 (webtiles) character file.

Game seed: 14027226660601251068

4930 qw the Skirmisher (level 10, -4/94 HPs)
             Began as a Naga Hunter on June 10, 2023.
             Was a Believer of Okawaru.
             Slain by a yak (14 damage)
             ... on level 8 of the Dungeon.
             The game lasted 00:02:48 (5938 turns).

qw the Skirmisher (Naga Hunter)                     Turns: 5938, Time: 00:02:48

Health: -4/94      AC:  6    Str: 13    XL:     10   Next: 52%
Magic:  12/13      EV: 18    Int: 11    God:    Okawaru [**....]
Gold:   487        SH:  0    Dex: 24    Spells: 9/9 levels left

rFire   . . .        Y - +0 orcbow (elec)
rCold   + . .        (shield currently unavailable)
rNeg    . . .        n - +0 robe {rC+}
rPois   +            d - +0 helmet
rElec   .            (no cloak)
rCorr   .            (no gloves)
SInv    +            (no barding)
Will    +....        k - amulet of regeneration
Stlth   ++++         j - +6 ring of dexterity
HPRegen 1.15/turn    (no ring)
MPRegen 0.13/turn

%: no passive effects
@: short of breath, heroic, very slow
A: AC +3, large, see invisible, deformed body, poison resistance, slowness 2,
spit poison 1, naga tail 1
a: Spit Poison, Renounce Religion, Heroism


You were on level 8 of the Dungeon.
You worshipped Okawaru.
Okawaru was pleased with you.
You visited 2 branches of the dungeon, and saw 9 of its levels.

You collected 487 gold pieces.


Innate Abilities, Weirdness & Mutations

Your serpentine skin is tough. (AC +3)
You have supernaturally acute eyesight. (SInv)
Armour fits poorly on your strangely shaped body.
Your system is resistant to poisons. (rPois)
You cover ground very slowly.
You can spit poison.
You have a snake-like lower body.


   Skills:
 + Level 7.4(12.4) Fighting
 - Level 11.0(16.0) Ranged Weapons
 - Level 1.5(6.5) Armour
 - Level 5.0(10.0) Dodging
 - Level 1.5(6.5) Stealth
 - Level 4.0 Invocations


You had 9 spell levels left.
You didn't know any spells.
Your spell library was empty.

Inventory:

Hand Weapons
 Y - a +0 orcbow of electrocution (weapon)
Armour
 c - a +0 leather armour
 d - a +0 helmet (worn)
 n - a +0 robe of cold resistance (worn)
Jewellery
 j - a +6 ring of dexterity (left hand)
 k - an amulet of regeneration (around neck)
Scrolls
 f - 2 scrolls of identify
 l - 2 scrolls of teleportation
Potions
 b - 4 potions of heal wounds
 e - 2 potions of resistance
 g - a potion of mutation
 h - 4 potions of curing
 i - a potion of might

Dungeon Overview and Level Annotations

Branches:
Dungeon (8/15)             Temple (1/1) D:6
   Lair: D:8-11

Altars:
Ashenzari
Cheibriados
Dithmenos
Elyvilon
Gozag
Hepliaklqana
Kikubaaqudgha
Makhleb
Nemelex Xobeh
Okawaru
Qazlal
Ru
Sif Muna
Trog
Uskayaw
Vehumet
Wu Jian
Xom
Yredelemnul
Zin
The Shining One

Shops:
D:4 *

Annotations:
D:5 3 runed translucent doors, qw's ghost, novice NaHu
D:8 Maggie


Message History

The water moccasin completely misses you.
Maggie casts a spell.
Maggie attempts to bespell you! You resist with almost no effort.
The water moccasin completely misses the fungus.
You shoot an arrow. The arrow hits the yak!
Lightning courses through the yak!
The yak is severely wounded.
The yak misses you. The yak gores you but does no damage.
The water moccasin barely misses you.
The water moccasin bites the fungus!
The fungus begins to die.
You shoot an arrow. The black bear growls angrily.
The arrow hits the yak but does no damage.
The yak is severely wounded.
The water moccasin misses you. The yak completely misses you.
The yak misses you.
The water moccasin bites the fungus.
You shoot an arrow. The arrow hits the yak!
You kill the yak!
Okawaru accepts your kill. The water moccasin misses you.
The yak barely misses you.
You shoot an arrow.
The arrow hits the water moccasin but does no damage.
The water moccasin barely misses you.
The water moccasin bites you but does no damage.
You shoot an arrow. The arrow hits the water moccasin!
The water moccasin is moderately wounded.
You have got your breath back.
The water moccasin misses you. The yak gores you. The water moccasin bites you!
5937 ||| INVOKING Spit Poison.
Aiming: Spit Poison (1% risk of failure)
Press: ? - help, Shift-Dir - straight line, f - yak, p - water moccasin The splash of poison hits the yak!
The yak is poisoned.
The yak is moderately wounded.
A nearby fungus withers and dies.
The water moccasin bites you. The water moccasin closely misses you.
The yak gores you!
You shoot an arrow. The arrow hits Maggie!
Maggie is severely wounded.
The water moccasin bites you.
Maggie hits you with a +1 heavy war axe!!
The water moccasin closely misses you. The yak gores you!
You die...

P.PP.## #####.##
.PP....##############.##
.P...P..................
...PP..%...##.##########
.....PP.##.##.#
....h.)%....%.#
..PPP.)Y##.####
P.....SY##.#
......@@##.#
..P..PS.##.#
PP......##.#
P.P..##.##.# .P.##
#.##.# ... #.##.# ## #..
...


You could see Maggie, 2 yaks, 2 water moccasins and a black bear.

Vanquished Creatures
  Joseph (D:7)
  Grinder (D:5)
  Sigmund (D:2)
  3 yaks (D:8)
  Menkaure (D:5)
  A water moccasin (D:7)
  2 orc warriors
  6 black bears
  2 ice beasts (D:7)
  5 ogres
  3 centaurs
  A phantom (D:7)
  Blork the orc (D:4)
  3 bullfrogs (D:7)
  2 scorpions
  14 wights
  5 hounds
  A jelly (D:6)
  4 orc priests
  2 sleepcaps
  Ijyb (D:5)
  Natasha (thrice) (D:3)
  Terence (D:3)
  7 orc wizards
  3 gnolls (D:4)
  4 adders
  A white imp (D:6)
  An ufetubus (D:4)
  2 worms
  12 dart slugs
  20 orcs
  13 endoplasms
  4 giant cockroaches
  3 goblins
  7 hobgoblins
  4 jackals (D:1)
  2 quokkas
  5 ball pythons
  3 bats (D:1)
  2 frilled lizards
  7 kobolds
  A rat (D:2)
165 creatures vanquished.

Vanquished Creatures (others)
  An orc (D:7)
1 creature vanquished.

Grand Total: 166 creatures vanquished

Notes
Turn   | Place    | Note
-------+----------+-------------------------------------------
     0 | D:1      | qw the Naga Hunter began the quest for the Orb.
     0 | D:1      | Reached XP level 1. HP: 19/19 MP: 1/1
     0 | D:1      | 0 ||| qw: Version: 0.2-a-122-gbc61b45
     0 | D:1      | 0 ||| qw: Game counter: 3666
     0 | D:1      | 0 ||| qw: Always use a shield: true
     0 | D:1      | 0 ||| qw: God list: Okawaru
     0 | D:1      | 0 ||| qw: Allow faded altars: false
     0 | D:1      | 0 ||| qw: Do Orc after D:15 true
     0 | D:1      | 0 ||| qw: Do second Lair branch before Depths: true
     0 | D:1      | 0 ||| qw: Lair rune preference: random
     0 | D:1      | 0 ||| qw: Plans: Normal
     0 | D:1      | 0 ||| PLANNING D:1-11
    69 | D:1      | 69 ||| INVOKING Spit Poison.
    74 | D:1      | 74 ||| INVOKING Spit Poison.
    80 | D:1      | 80 ||| INVOKING Spit Poison.
    82 | D:1      | Reached skill level 4 in Ranged Weapons
    82 | D:1      | Reached XP level 2. HP: 26/26 MP: 2/2
    88 | D:1      | Found a faded altar of an unknown god.
   106 | D:1      | 106 ||| INVOKING Spit Poison.
   112 | D:1      | 112 ||| INVOKING Spit Poison.
   124 | D:1      | 124 ||| INVOKING Spit Poison.
   131 | D:1      | 131 ||| INVOKING Spit Poison.
   134 | D:1      | 134 ||| INVOKING Spit Poison.
   210 | D:1      | 210 ||| INVOKING Spit Poison.
   216 | D:1      | 216 ||| INVOKING Spit Poison.
   220 | D:1      | 220 ||| INVOKING Spit Poison.
   270 | D:1      | 270 ||| INVOKING Spit Poison.
   272 | D:1      | Reached XP level 3. HP: 32/32 MP: 3/3
   308 | D:1      | 308 ||| INVOKING Spit Poison.
   423 | D:1      | 423 ||| UPGRADING to +0 helmet.
   428 | D:1      | 428 ||| READING scroll labelled XOTWINUCKO.
   429 | D:1      | 429 ||| READING scroll labelled FIEGUTW FUTH.
   430 | D:1      | 430 ||| READING scroll labelled CEFUREXI LIOL.
   431 | D:1      | 431 ||| READING scroll labelled DUCROL POMEET.
   432 | D:1      | 432 ||| DROPPING scroll of butterflies.
   469 | D:2      | 469 ||| INVOKING Spit Poison.
   470 | D:2      | 470 ||| INVOKING Spit Poison.
   615 | D:2      | Noticed Sigmund
   619 | D:2      | 619 ||| INVOKING Spit Poison.
   623 | D:2      | Killed Sigmund
   624 | D:2      | Reached skill level 6 in Ranged Weapons
   624 | D:2      | Reached XP level 4. HP: 34/39 MP: 4/4
   624 | D:2      | Reached XP level 5. HP: 39/45 MP: 5/5
   669 | D:2      | 669 ||| INVOKING Spit Poison.
   756 | D:2      | 756 ||| INVOKING Spit Poison.
   861 | D:2      | 861 ||| INVOKING Spit Poison.
   864 | D:2      | 864 ||| INVOKING Spit Poison.
   865 | D:2      | Reached XP level 6. HP: 38/55 MP: 6/6
   869 | D:2      | 869 ||| INVOKING Spit Poison.
   873 | D:2      | 873 ||| INVOKING Spit Poison.
   874 | D:2      | Reached skill level 3 in Fighting
   879 | D:2      | 879 ||| INVOKING Spit Poison.
   880 | D:2      | 880 ||| INVOKING Spit Poison.
  1167 | D:2      | 1167 ||| INVOKING Spit Poison.
  1174 | D:2      | 1174 ||| INVOKING Spit Poison.
  1416 | D:2      | 1416 ||| READING scroll labelled NIWNIL QIMA.
  1420 | D:2      | 1420 ||| READING scroll labelled FECKA KEQIY.
  1421 | D:2      | 1421 ||| DRINKING 2 red potions.
  1488 | D:3      | 1488 ||| INVOKING Spit Poison.
  1529 | D:3      | 1529 ||| Stepping ~*~*~tactically~*~*~ (outnumbered).
  1531 | D:3      | 1531 ||| INVOKING Spit Poison.
  1536 | D:3      | 1536 ||| INVOKING Spit Poison.
  1543 | D:3      | 1543 ||| INVOKING Spit Poison.
  1548 | D:3      | 1548 ||| INVOKING Spit Poison.
  1669 | D:3      | Noticed Terence
  1670 | D:3      | 1670 ||| INVOKING Spit Poison.
  1674 | D:3      | 1674 ||| INVOKING Spit Poison.
  1676 | D:3      | Killed Terence
  1680 | D:3      | 1680 ||| INVOKING Spit Poison.
  1794 | D:3      | 1794 ||| INVOKING Spit Poison.
  1901 | D:3      | Noticed Natasha
  1902 | D:3      | 1902 ||| INVOKING Spit Poison.
  1906 | D:3      | 1906 ||| INVOKING Spit Poison.
  1909 | D:3      | Killed Natasha
  1912 | D:3      | 1912 ||| INVOKING Spit Poison.
  1983 | D:3      | Noticed Natasha
  1986 | D:3      | 1986 ||| INVOKING Spit Poison.
  1990 | D:3      | 1990 ||| INVOKING Spit Poison.
  1993 | D:3      | Killed Natasha
  2009 | D:3      | Noticed Natasha
  2012 | D:3      | 2012 ||| INVOKING Spit Poison.
  2013 | D:3      | Killed Natasha
  2132 | D:3      | 2132 ||| DROPPING ring of wizardry.
  2133 | D:3      | 2133 ||| READING scroll labelled UHAECS BARGHEOW.
  2134 | D:3      | 2134 ||| DRINKING 3 clear potions.
  2157 | D:4      | 2157 ||| INVOKING Spit Poison.
  2161 | D:4      | 2161 ||| INVOKING Spit Poison.
  2164 | D:4      | Reached XP level 7. HP: 63/64 MP: 7/7
  2165 | D:4      | 2165 ||| INVOKING Spit Poison.
  2206 | D:4      | 2206 ||| INVOKING Spit Poison.
  2211 | D:4      | 2211 ||| INVOKING Spit Poison.
  2217 | D:4      | 2217 ||| INVOKING Spit Poison.
  2273 | D:4      | 2273 ||| INVOKING Spit Poison.
  2301 | D:4      | Found a shimmering blue altar of Sif Muna.
  2325 | D:4      | 2325 ||| INVOKING Spit Poison.
  2332 | D:4      | 2332 ||| INVOKING Spit Poison.
  2333 | D:4      | 2333 ||| INVOKING Spit Poison.
  2486 | D:4      | Found a sparkling altar of Nemelex Xobeh.
  2581 | D:4      | 2581 ||| INVOKING Spit Poison.
  2582 | D:4      | Reached skill level 7 in Ranged Weapons
  2610 | D:4      | Found Duteusk's Gadget Gallery.
  2641 | D:4      | Found a shimmering altar of Xom.
  2642 | D:4      | 2642 ||| INVOKING Spit Poison.
  2646 | D:4      | 2646 ||| INVOKING Spit Poison.
  2652 | D:4      | 2652 ||| INVOKING Spit Poison.
  2729 | D:4      | Noticed Blork the orc
  2730 | D:4      | 2730 ||| INVOKING Spit Poison.
  2734 | D:4      | 2734 ||| INVOKING Spit Poison.
  2738 | D:4      | 2738 ||| INVOKING Spit Poison.
  2739 | D:4      | Killed Blork the orc
  3088 | D:4      | 3088 ||| UPGRADING to +0 robe of cold resistance.
  3098 | D:4      | 3098 ||| UPGRADING to amulet of regeneration.
  3103 | D:4      | 3103 ||| READING scroll labelled FABBAUXTEY.
  3104 | D:4      | 3104 ||| DRINKING 2 amethyst potions.
  3105 | D:4      | 3105 ||| DRINKING 2 ruby potions.
  3140 | D:4      | 3140 ||| DRINKING 2 orange potions.
  3141 | D:4      | 3141 ||| DRINKING 3 potions of curing.
  3141 | D:4      | 3141 ||| (to cure confusion)
  3142 | D:4      | 3142 ||| READING 3 scrolls of identify.
  3142 | D:4      | 3142 ||| IDENTIFYING sedimented purple potion
  3143 | D:4      | 3143 ||| READING 2 scrolls of identify.
  3143 | D:4      | 3143 ||| IDENTIFYING glowing amethyst potion
  3144 | D:4      | 3144 ||| DROPPING potion of attraction.
  3145 | D:4      | 3145 ||| DROPPING potion of lignification.
  3146 | D:4      | 3146 ||| DROPPING potion of ambrosia.
  3194 | D:5      | Entered Level 5 of the Dungeon
  3196 | D:5      | 3196 ||| INVOKING Spit Poison.
  3212 | D:5      | 3212 ||| INVOKING Spit Poison.
  3230 | D:5      | 3230 ||| INVOKING Spit Poison.
  3240 | D:5      | Noticed Ijyb
  3242 | D:5      | 3242 ||| Stepping ~*~*~tactically~*~*~ (cloud).
  3244 | D:5      | 3244 ||| INVOKING Spit Poison.
  3250 | D:5      | 3250 ||| Stepping ~*~*~tactically~*~*~ (cloud).
  3251 | D:5      | 3251 ||| INVOKING Spit Poison.
  3253 | D:5      | 3253 ||| Stepping ~*~*~tactically~*~*~ (cloud).
  3256 | D:5      | 3256 ||| INVOKING Spit Poison.
  3260 | D:5      | 3260 ||| INVOKING Spit Poison.
  3263 | D:5      | Killed Ijyb
  3264 | D:5      | 3264 ||| INVOKING Spit Poison.
  3270 | D:5      | 3270 ||| INVOKING Spit Poison.
  3275 | D:5      | 3275 ||| INVOKING Spit Poison.
  3296 | D:5      | 3296 ||| INVOKING Spit Poison.
  3300 | D:5      | 3300 ||| INVOKING Spit Poison.
  3302 | D:5      | Reached skill level 8 in Ranged Weapons
  3314 | D:5      | Identified the +5 sling of Vengeance {drain, rElec}
  3316 | D:5      | 3316 ||| SWAPPING to +5 sling of Vengeance {drain, rElec}.
  3317 | D:5      | 3317 ||| DROPPING +0 shortbow.
  3322 | D:5      | 3322 ||| INVOKING Spit Poison.
  3324 | D:5      | Reached XP level 8. HP: 73/73 MP: 8/8
  3332 | D:5      | Found a broken altar of Ashenzari.
  3349 | D:5      | Noticed Menkaure
  3352 | D:5      | 3352 ||| FLEEEEING.
  3361 | D:5      | Killed Menkaure
  3363 | D:5      | 3363 ||| INVOKING Spit Poison.
  3367 | D:5      | 3367 ||| INVOKING Spit Poison.
  3480 | D:5      | Found a runed translucent gate.
  3481 | D:5      | Found a runed translucent gate.
  3481 | D:5      | Found a runed translucent gate.
  3501 | D:5      | Noticed Grinder
  3502 | D:5      | 3502 ||| INVOKING Spit Poison.
  3514 | D:5      | 3514 ||| INVOKING Spit Poison.
  3522 | D:5      | 3522 ||| INVOKING Spit Poison.
  3523 | D:5      | Killed Grinder
  3524 | D:5      | Reached skill level 9 in Ranged Weapons
  3536 | D:5      | 3536 ||| INVOKING Spit Poison.
  3559 | D:5      | 3559 ||| INVOKING Spit Poison.
  3589 | D:5      | Noticed qw's ghost (novice NaHu)
  3667 | D:5      | 3667 ||| INVOKING Spit Poison.
  3671 | D:5      | 3671 ||| INVOKING Spit Poison.
  3924 | D:6      | Found a staircase to the Ecumenical Temple.
  3925 | D:6      | 3925 ||| PLANNING TEMPLE
  3925 | D:6      | 3925 ||| UPGRADING to +6 ring of dexterity.
  3934 | Temple   | Entered the Ecumenical Temple
  4034 | Temple   | 4034 ||| PLANNING OKAWARU WORSHIP
  4074 | Temple   | Became a worshipper of Warmaster Okawaru
  4074 | Temple   | 4074 ||| PLANNING D:1-11
  4165 | D:6      | 4165 ||| INVOKING Spit Poison.
  4328 | D:6      | 4328 ||| INVOKING Spit Poison.
  4333 | D:6      | Reached skill level 3 in Dodging
  4333 | D:6      | Reached XP level 9. HP: 74/81 MP: 9/9
  4690 | D:6      | 4690 ||| READING 3 scrolls of identify.
  4690 | D:6      | 4690 ||| IDENTIFYING purple potion
  4691 | D:6      | 4691 ||| DROPPING potion of enlightenment.
  4709 | D:7      | Identified the +6 battleaxe of Yqeasimma {venom, rCorr
                  | Str+4}
  4722 | D:7      | Reached skill level 6 in Fighting
  4769 | D:7      | 4769 ||| INVOKING Spit Poison.
  4772 | D:7      | Noticed Joseph
  4773 | D:7      | 4773 ||| INVOKING Spit Poison.
  4779 | D:7      | Reached * piety under Okawaru
  4780 | D:7      | 4780 ||| INVOKING Heroism.
  4781 | D:7      | 4781 ||| INVOKING Spit Poison.
  4788 | D:7      | Killed Joseph
  4968 | D:7      | 4968 ||| INVOKING Spit Poison.
  4970 | D:7      | Reached skill level 1 in Invocations
  4982 | D:7      | 4982 ||| SWAPPING to +0 orcbow.
  5010 | D:7      | 5010 ||| DROPPING +5 sling of Vengeance {drain, rElec}.
  5047 | D:7      | 5047 ||| INVOKING Spit Poison.
  5048 | D:7      | 5048 ||| INVOKING Heroism.
  5052 | D:7      | 5052 ||| INVOKING Spit Poison.
  5064 | D:7      | 5064 ||| INVOKING Spit Poison.
  5097 | D:7      | 5097 ||| INVOKING Spit Poison.
  5101 | D:7      | 5101 ||| INVOKING Spit Poison.
  5103 | D:7      | Reached skill level 3 in Invocations
  5104 | D:7      | 5104 ||| INVOKING Spit Poison.
  5107 | D:7      | 5107 ||| INVOKING Spit Poison.
  5121 | D:7      | 5121 ||| INVOKING Heroism.
  5130 | D:7      | 5130 ||| INVOKING Spit Poison.
  5170 | D:7      | 5170 ||| INVOKING Spit Poison.
  5175 | D:7      | 5175 ||| INVOKING Spit Poison.
  5176 | D:7      | 5176 ||| INVOKING Heroism.
  5181 | D:7      | Reached skill level 10 in Ranged Weapons
  5181 | D:7      | 5181 ||| INVOKING Spit Poison.
  5255 | D:7      | 5255 ||| INVOKING Heroism.
  5256 | D:7      | 5256 ||| INVOKING Spit Poison.
  5257 | D:7      | 5257 ||| Stepping ~*~*~tactically~*~*~ (outnumbered).
  5261 | D:7      | 5261 ||| INVOKING Spit Poison.
  5268 | D:7      | 5268 ||| INVOKING Spit Poison.
  5276 | D:7      | Reached XP level 10. HP: 66/92 MP: 13/13
  5277 | D:7      | 5277 ||| INVOKING Spit Poison.
  5281 | D:7      | 5281 ||| INVOKING Spit Poison.
  5283 | D:7      | 5283 ||| INVOKING Heroism.
  5287 | D:7      | 5287 ||| INVOKING Spit Poison.
  5434 | D:7      | Found a white marble altar of Elyvilon.
  5608 | D:7      | 5608 ||| READING scroll labelled MINOUH BECEANT.
  5609 | D:7      | 5609 ||| READING scroll labelled BASE LIFYH.
  5610 | D:7      | 5610 ||| READING scroll labelled SIAQAO BEOLEEKU.
  5611 | D:7      | 5611 ||| READING 3 scrolls of identify.
  5611 | D:7      | 5611 ||| IDENTIFYING yellow potion
  5666 | D:8      | 5666 ||| INVOKING Heroism.
  5668 | D:8      | 5668 ||| INVOKING Spit Poison.
  5740 | D:8      | 5740 ||| INVOKING Spit Poison.
  5742 | D:8      | Reached ** piety under Okawaru
  5874 | D:8      | 5874 ||| INVOKING Spit Poison.
  5877 | D:8      | 5877 ||| INVOKING Spit Poison.
  5885 | D:8      | 5885 ||| INVOKING Spit Poison.
  5887 | D:8      | Reached skill level 11 in Ranged Weapons
  5899 | D:8      | 5899 ||| INVOKING Spit Poison.
  5913 | D:8      | 5913 ||| INVOKING Spit Poison.
  5918 | D:8      | 5918 ||| INVOKING Spit Poison.
  5922 | D:8      | 5922 ||| INVOKING Spit Poison.
  5924 | D:8      | Reached skill level 1 in Armour
  5925 | D:8      | Noticed Maggie
  5927 | D:8      | 5927 ||| INVOKING Spit Poison.
  5928 | D:8      | 5928 ||| INVOKING Heroism.
  5937 | D:8      | 5937 ||| INVOKING Spit Poison.
  5938 | D:8      | HP: 10/94 [Maggie/+1 heavy war axe (22)]
  5938 | D:8      | Slain by a yak

Levels and vault maps discovered:
D:1:      scummos_arrival_star, layout_rooms, basic_ecumenical_altar,
          minmay_tall_x
D:2:      layout_basic, uniq_sigmund
D:3:      layout_rooms, minivault_11, nicolae_figureground_sparkle,
          uniq_terence, uniq_natasha
D:4:      layout_loops_ring, lemuel_tele_altar, lemuel_doored_altar,
          amcnicky_altar_gilded, nicolae_shop_gadgets, uniq_blork_the_orc
D:5:      kennysheep_slugbush, layout_cave_pools, ashenzari_altar_1,
          gammafunk_ghost_icy, uniq_menkaure, uniq_ijyb, uniq_grinder
D:6:      layout_loops_corners, temple_fountains, kennysheep_doodads,
          kennysheep_decorative_pillar
D:7:      layout_basic, mainiacjoe_overflow_paths, kennysheep_generic_room_10,
          uniq_joseph
D:8:      lemuel_insect_pit, layout_loops_ring, due_lair_maze_entry_diamond,
          st_stairs_2, uniq_maggie, uniq_gastronok
Temple:   regret_index_temple_sphere_string

Skill      XL: |  1  2  3  4  5  6  7  8  9 10 |
---------------+-------------------------------+-----
Ranged Weapons | 4 6 8 9 10 11 | 11.0
Fighting       | 4 5 6 7 |  7.4
Dodging        | 2 3 4 5 |  5.0
Invocations    | 4 |  4.0
Armour         | 1 |  1.5
Stealth        | |  1.5

Action                     |  1- 3 |  4- 6 |  7- 9 | 10-12 || total
---------------------------+-------+-------+-------+-------++-------
   Fire: Shortbow          |    55 |    93 |   107 |       ||   255
         Sling             |       |       |    83 |       ||    83
         Orcbow            |       |       |    85 |    95 ||   180
 Invoke: Heroism           |       |       |     5 |     3 ||     8
Ability: Spit Poison       |    15 |    26 |    56 |    14 ||   111
    Use: Scroll            |     4 |     3 |     4 |     4 ||    15
         Potion            |       |     2 |     4 |       ||     6
 Armour: Leather armour    |     5 |    18 |     9 |       ||    32
         Robe              |       |       |    15 |    16 ||    31
  Dodge: Dodged            |    16 |    39 |    64 |    73 ||   192

Table legend:
 A = Non-vault XP
 B = Vault XP
 C = Vault XP percentage of total XP
 D = Non-vault monster count
 E = Vault monster count
 F = Vault count percentage of total count
                 A         B        C        D         E       F
            +---------+---------+-------+---------+---------+-------
      Total |    4758 |    2286 |  32.5 |     138 |      27 |  16.4
            +---------+---------+-------+---------+---------+-------
        D:1 |      31 |       7 |  18.4 |      17 |       4 |  19.0
        D:2 |     104 |     214 |  67.3 |      23 |       1 |   4.2
        D:3 |     144 |      72 |  33.3 |      18 |       2 |  10.0
        D:4 |     272 |      94 |  25.7 |      14 |       1 |   6.7
        D:5 |     647 |     549 |  45.9 |      15 |      11 |  42.3
        D:6 |     310 |       0 |   0.0 |       5 |       0 |   0.0
        D:7 |    2112 |     610 |  22.4 |      34 |       2 |   5.6
        D:8 |    1138 |     740 |  39.4 |      12 |       6 |  33.3
            +---------+---------+-------+---------+---------+-------
